 Dungeon Crawl Stone Soup version 0.26.0-18-gc5c842f807 (webtiles) character file.

Game seed: 14149410097807623690

1138 kaeus the Firebug (level 8, -4/41 HPs)
             Began as a Gargoyle Fire Elementalist on Jan 24, 2021.
             Killed by divine providence
             ... invoked by an orc priest
              (15 damage)
             ... on level 7 of the Dungeon.
             The game lasted 00:10:38 (7433 turns).

kaeus the Firebug (Gargoyle Fire Elementalist)      Turns: 7433, Time: 00:10:39

Health: -4/41      AC: 14    Str: 12      XL:     8   Next: 37%
Magic:  4/14       EV: 11    Int: 18      God:
Gold:   289        SH:  0    Dex:  9 (10) Spells: 2/15 levels left

rFire    + . .     SeeInvis .   C - +2 flail (protect)
rCold    x . .     Faith    .   (no shield)
rNeg     + . .     Spirit   .   y - +0 troll leather armour {Purgy}
rPois    ∞         Reflect  .   D - +0 helmet
rElec    +         Harm     .   E - +0 cloak
rCorr    .         Rampage  .   (no gloves)
Will     .....                  A - +2 pair of boots
Stlth    ++........             n - amulet of regeneration
HPRegen  0.93/turn              B - ring of fire
MPRegen  0.14/turn              m - ring of stealth

@: very slightly contaminated
A: negative energy resistance 1, electricity resistance, unbreathing,
petrification resistance, miasma immunity, AC +5
a: no special abilities


You were on level 7 of the Dungeon.
You visited 2 branches of the dungeon, and saw 8 of its levels.

You collected 289 gold pieces.

Inventory:

Hand Weapons
 h - a +1 spear of venom
 C - a +2 flail of protection (weapon)
Armour
 y - a +0 troll leather armour (worn) {Purgy}
 A - a +2 pair of boots (worn)
 D - a +0 helmet (worn)
 E - a +0 cloak (worn)
Jewellery
 m - a ring of stealth (right hand)
 n - an amulet of regeneration (around neck)
 z - an uncursed amulet of faith
 B - a ring of fire (left hand)
Wands
 t - a wand of polymorph (17)
 H - a wand of disintegration (23)
Scrolls
 b - 5 scrolls of identify {unknown}
 c - 2 scrolls of remove curse {unknown}
 j - 4 scrolls of teleportation {unknown}
 k - 3 scrolls of enchant armour {unknown}
 o - a scroll of immolation {unknown}
 q - 2 scrolls of magic mapping {unknown}
 r - 2 scrolls of amnesia {unknown}
 u - 2 scrolls of enchant weapon {unknown}
 x - a scroll of fog {unknown}
 G - a scroll of silence {unknown}
 I - a scroll of fear {unknown}
Potions
 a - 3 potions of brilliance {unknown}
 d - a potion of ambrosia {unknown}
 e - a potion of haste {unknown}
 f - a potion of lignification {unknown}
 g - a potion of heal wounds {unknown}
 i - a potion of mutation {unknown}
 l - 4 potions of degeneration {unknown}
 p - 5 potions of curing {unknown}
 s - 2 potions of resistance {unknown}
 v - 2 potions of might {unknown}
 w - a potion of attraction {unknown}
 F - a potion of cancellation {unknown}


   Skills:
 - Level 1.5 Dodging
 - Level 2.1 Stealth
 + Level 4.3 Spellcasting
 * Level 6.7 Conjurations
 * Level 6.7 Fire Magic


You had 2 spell levels left.
You knew the following spells:

 Your Spells              Type           Power        Failure   Level
a - Foxfire               Conj/Fire      100%         1%          1
b - Inner Flame           Hex/Fire       24%          14%         3
c - Sticky Flame          Conj/Fire      42%          11%         4
d - Fireball              Conj/Fire      21%          30%         5

Your spell library contained the following spells:

 Spells                   Type           Power        Failure   Level
 Sandblast                Erth           6%           19%         1
 Passwall                 Tmut/Erth      2%           26%         2
 Conjure Flame            Conj/Fire      42%          3%          3
 Stone Arrow              Conj/Erth      32%          14%         3
 Petrify                  Tmut/Erth      3%           87%         4
 Lee's Rapid Deconstruct  Erth           1%           99%         5


Dungeon Overview and Level Annotations

Branches:
Dungeon (7/15)             Temple (1/1) D:4

Altars:
Cheibriados
Dithmenos
Elyvilon
Fedhas
Gozag
Hepliaklqana
Kikubaaqudgha
Makhleb
Nemelex Xobeh
Ru
Sif Muna
Uskayaw
Vehumet
Wu Jian
Xom
Yredelemnul
Zin


Innate Abilities, Weirdness & Mutations

You are resistant to torment.
Your stone body is resilient. (AC +5)
You are immune to poison.
You resist negative energy. (rN+)
You are resistant to electric shocks. (rElec)
You can survive without breathing.
You are immune to petrification.
You are immune to miasma.


Message History

You feel a surge of power!
You miscast Sticky Flame.
You are very lightly contaminated with residual magic.
Nothing appears to happen.
You now have 8/14 mp.
Casting: Sticky Flame (quite dangerous; 11% risk of failure)
Confirm with . or Enter, or press ? or * to list all spells.
Aiming: Sticky Flame (quite dangerous; 11% risk of failure)
Press: ? - help, Shift-Dir - straight line, f/p - orc priest
Aim: an orc priest, wielding a +0 whip and wearing a +0 scale mail (moderately wounded, 0% to evade)
You feel a surge of power!
The sticky flame hits the orc priest.
The orc priest is heavily wounded.
The orc priest is covered in liquid flames!
The orc priest burns!
The orc priest barely misses you.
You now have 4/14 mp.
You barely miss the orc priest.
The orc priest is severely wounded.
The orc priest burns!
The orc closely misses you.
The orc priest invokes the aid of Beogh against you.
Beogh smites you!
You die...

.. #.# #. ... # #.
#.# .# #.
#.####.###.. #o
####............ #o
##..............#
#o##................
#.#@................
#)oo......(.........
###.................
##................
##...##(......#..
##.###..####..#. #.#
#..####.###
#.#..........#.
#.#..####.#..


You could see an orc priest (burning) and an orc.

Vanquished Creatures
  Eustachio (D:4)
  Purgy (D:3)
  A sky beast (D:6)
  An ogre (D:5)
  A scorpion (D:7)
  A quasit (D:7)
  4 orc wizards
  3 orc priests (D:4)
  4 hounds
  2 iguanas
  Ijyb (D:5)
  2 worker ants
  4 gnolls (D:5)
  3 adders
  A shadow imp (D:5)
  A white imp (D:6)
  3 oozes
  A worm (D:4)
  A dart slug (D:2)
  3 leopard geckos
  17 orcs
  3 giant cockroaches
  10 goblins
  8 hobgoblins
  2 jackals (D:1)
  3 kobolds
  3 quokkas
  2 ball pythons
  8 bats
  10 frilled lizards
  A jackal skeleton (D:5)
  A leopard gecko skeleton (D:4)
  8 rats
115 creatures vanquished.

Vanquished Creatures (collateral kills)
  7 foxfires (D:5)
7 creatures vanquished.

Vanquished Creatures (others)
  388 foxfires
388 creatures vanquished.

Grand Total: 510 creatures vanquished

Notes
Turn   | Place    | Note
-------+----------+-------------------------------------------
     0 | D:1      | kaeus the Gargoyle Fire Elementalist began the quest for
                  | the Orb.
     0 | D:1      | Reached XP level 1. HP: 10/10 MP: 3/3
   698 | D:1      | Reached XP level 2. HP: 15/15 MP: 0/5
  1321 | D:1      | You fall into a shaft and drop 1 floor!
  1350 | D:2      | Reached XP level 3. HP: 19/19 MP: 1/6
  1405 | D:2      | Found an ancient bone altar of Kikubaaqudgha.
  1703 | D:1      | You fall into a shaft and drop 1 floor!
  1903 | D:2      | Found a shimmering altar of Xom.
  3046 | D:3      | Reached XP level 4. HP: 24/24 MP: 1/7
  3727 | D:3      | Reached XP level 5. HP: 26/28 MP: 3/9
  3977 | D:3      | Noticed Purgy
  3994 | D:3      | Killed Purgy
  3995 | D:3      | Reached XP level 6. HP: 7/32 MP: 8/10
  4527 | D:4      | Noticed Eustachio
  4543 | D:4      | Killed Eustachio
  4544 | D:4      | Reached skill level 5 in Fire Magic
  4939 | D:4      | Reached XP level 7. HP: 36/36 MP: 2/12
  5026 | D:4      | Found a staircase to the Ecumenical Temple.
  5054 | Temple   | Entered the Ecumenical Temple
  5181 | D:4      | Reached skill level 5 in Conjurations
  5745 | D:5      | Entered Level 5 of the Dungeon
  5960 | D:5      | Learned a level 3 spell: Inner Flame
  5965 | D:5      | Learned a level 4 spell: Sticky Flame
  5971 | D:5      | Learned a level 5 spell: Fireball
  5982 | D:5      | Noticed Ijyb
  6010 | D:5      | Killed Ijyb
  6350 | D:5      | Reached XP level 8. HP: 41/41 MP: 9/14
  6448 | D:6      | Found a snail-covered altar of Cheibriados.
  6890 | D:6      | Found a sparkling altar of Nemelex Xobeh.
  7433 | D:7      | Killed from afar by an orc priest

Illustrated notes

Levels and vault maps discovered:
D:1:      amcnicky_arrival_double_pillar, layout_rooms, minmay_pentomino_z4
D:2:      layout_basic, marbit_many_paths, nicolae_overflow_crystal_walls
D:3:      layout_loops_corners, chequers_mini_garden, uniq_purgy
D:4:      layout_basic, temple_fountains, uniq_eustachio
D:5:      layout_basic, minmay_misc_feat_nine_boxes, minmay_misc_feat_five,
          cheibrodos_gnoll_hut, uniq_ijyb
D:6:      layout_loops_ring, cheibriados_altar_1, kennysheep_little_box
D:7:      layout_loops_cross
Temple:   dshaligram_water_room_temple

Skill      XL: |  1  2  3  4  5  6  7 |
---------------+----------------------+-----
Conjurations   | 2 3 4 6 |  6.7
Fire Magic     | 4 5 6 |  6.7
Spellcasting   | 3 4 |  4.3
Dodging        | |  1.5
Stealth        | |  2.1

Action                   |  1- 3 |  4- 6 |  7- 9 || total
-------------------------+-------+-------+-------++-------
Melee: Club              |    38 |       |       ||    38
       Unarmed           |     9 |       |       ||     9
       Spear             |    35 |    48 |       ||    83
       Flail             |       |       |   134 ||   134
 Cast: Foxfire           |    87 |    55 |   120 ||   262
       Sticky Flame      |       |       |     1 ||     1
 Stab: Sleeping          |     1 |     2 |       ||     3
Armor: Robe              |    11 |       |       ||    11
       Leather armour    |    21 |    23 |       ||    44
       Troll leather arm |       |    10 |   115 ||   125
Dodge: Dodged            |    49 |    35 |   122 ||   206
